[Event "Titled Tuesday Blitz October 11 Late 2022"]
[White "Sabar, Ethmane Daouda"]
[Black "Golubev, Mikhail"]
[WhiteFideId "19600097"]
[BlackFideId "14100983"]
[WhiteElo "1950"]
[BlackElo "2374"]
[Result "0-1"]
[Round "01"]
[TimeControl "180+1"]
[Date "2022.10.12"]
[WhiteClock "0:00:34"]
[BlackClock "0:00:10"]

1. b3 d6 2. Bb2 Nd7 3. e3 Ngf6 4. f4 e5 5. fxe5 dxe5 6. Nf3 Bd6 7. d4 e4 8. Nfd2 Nd5 9. Qe2 Qh4+ 10. Qf2 Qh6 11. Nc4 Bxh2 12. g3 Bxg3 13. Qxg3 Qxh1 14. Nbd2 Qh5 15. Be2 Qg6 16. Qh2 b5 17. Ne5 Nxe5 18. Qxe5+ Be6 19. O-O-O Nxe3 20. Rh1 O-O 21. Nxe4 Bf5 22. Bh5 Qc6 23. Nc5 Qxh1+ 24. Kd2 Qg2+ 25. Kxe3 Rae8 26. d5 Rxe5+ 27. Bxe5 Qxd5 28. Nd3 Re8 29. Bf3 Rxe5+ 30. Nxe5 Qxe5+ 31. Kd2 Qd4+ 32. Ke2 Qc3 33. Kf2 Bxc2 34. Kg3 Bd1 35. Kf4 Qxf3+ 36. Ke5 f6+ 37. Ke6 Qe4+ 38. Kd7 Qd5+ 39. Kc8 Bf3 40. b4 c5 41. bxc5 Qc6+ 42. Kd8 Kf8 43. a3 Bg4 0-1


[Site "https://www.chess.com"]

[Event "Titled Tuesday Blitz October 11 Late 2022"]
[White "Sai Krishna G V"]
[Black "Mekhane, Adam"]
[WhiteFideId "5028280"]
[BlackFideId "36050601"]
[WhiteElo "2359"]
[BlackElo "2175"]
[Result "0-1"]
[Round "01"]
[TimeControl "180+1"]
[Date "2022.10.12"]
[WhiteClock "0:00:40"]
[BlackClock "0:00:34"]

1. d4 Nf6 2. Nc3 d5 3. Bg5 c5 4. Nf3 Nc6 5. e3 e6 6. Bb5 Be7 7. Ne5 Bd7 8. Bxf6 Bxf6 9. Nxd7 Qxd7 10. dxc5 O-O 11. O-O Bxc3 12. bxc3 Qe7 13. c4 Qxc5 14. Bxc6 bxc6 15. Qd4 Qxd4 16. exd4 dxc4 17. Rab1 Rab8 18. f3 Rb5 19. a4 Rb6 20. Rxb6 axb6 21. Rb1 Rb8 22. Kf2 Kf8 23. Ke3 Ke7 24. Kd2 Kd6 25. Kc3 Kd5 26. Re1 f6 27. Re4 Ra8 28. Rg4 g5 29. h4 h5 30. Re4 gxh4 31. Rxh4 Rxa4 32. Rxh5+ f5 33. g4 Ra3+ 34. Kb4 Rxf3 35. gxf5 Rxf5 36. Rh4 c5+ 37. dxc5 bxc5+ 38. Kb5 e5 39. Rxc4 e4 40. Rc3 Re5 41. Re3 Kd4 42. Re2 e3 43. Kc6 Rf5 44. Re1 Rf2 45. c3+ Kd3 46. Kxc5 Rc2 47. Rd1+ Kxc3 48. Rd8 e2 49. Kb5 e1=Q 0-1


[Site "https://www.chess.com"]

[Event "Titled Tuesday Blitz October 11 Late 2022"]
[White "Salman, Pavel"]
[Black "Bortnyk, Mykola"]
[WhiteFideId "24153753"]
[BlackFideId "14120836"]
[WhiteElo "2187"]
[BlackElo "2582"]
[Result "0-1"]
[Round "01"]
[TimeControl "180+1"]
[Date "2022.10.11"]
[WhiteClock "0:00:14"]
[BlackClock "0:01:21"]

1. Nf3 g6 2. g3 Bg7 3. Bg2 e5 4. d3 Ne7 5. O-O O-O 6. c4 Nbc6 7. Nc3 h6 8. Bd2 d6 9. Rb1 a5 10. a3 Bg4 11. h3 Be6 12. b4 axb4 13. axb4 Qd7 14. Kh2 f5 15. b5 Nd8 16. e4 f4 17. Nd5 g5 18. b6 c5 19. Nc7 Ra3 20. Bc1 Ra4 21. Nb5 Ra2 22. Qb3 fxg3+ 23. fxg3 Rxg2+ 24. Kxg2 Bxh3+ 25. Kg1 Bxf1 26. Kxf1 Rxf3+ 27. Ke2 Qg4 28. Kd2 Qxg3 29. Nxd6 Nec6 30. Nf5 Qf2+ 31. Kc3 Nb4 32. Be3 Rxe3 33. Nxe3 Na2+ 34. Qxa2 Qxa2 35. Rf1 Nc6 36. Nd5 Nd4 0-1


[Site "https://www.chess.com"]

[Event "Titled Tuesday Blitz October 11 Late 2022"]
[White "Sanal, Vahap"]
[Black "Mazurkiewicz, Michal"]
[WhiteFideId "6300545"]
[BlackFideId "1124943"]
[WhiteElo "2848"]
[BlackElo "2456"]
[Result "1-0"]
[Round "01"]
[TimeControl "180+1"]
[Date "2022.10.12"]
[WhiteClock "0:01:07"]
[BlackClock "0:00:06"]

1. d4 Nf6 2. Nf3 g6 3. e3 Bg7 4. Be2 O-O 5. O-O d6 6. b3 Nbd7 7. Bb2 e5 8. dxe5 dxe5 9. Nxe5 Ne4 10. Nd3 Bxb2 11. Nxb2 Qf6 12. Qc1 Ne5 13. c4 Qh4 14. Nc3 Nxc3 15. Qxc3 Ng4 16. h3 Nf6 17. Rad1 Re8 18. Rd4 Ne4 19. Qd3 c5 20. g3 Qe7 21. Rd5 Bxh3 22. Rd1 Bf5 23. Rxf5 gxf5 24. Qc2 Rad8 25. Nd3 Qg5 26. Nf4 Nxg3 27. fxg3 Qxg3+ 28. Ng2 Rxd1+ 29. Qxd1 f4 30. exf4 h5 31. Bxh5 Re4 32. Qg4+ Qxg4 33. Bxg4 Rd4 34. Bf3 Rd2 35. Bxb7 Rxa2 36. Bc6 Rb2 37. Ba4 Kg7 38. Kh2 Kf6 39. Kg3 Kf5 40. Kf3 Rc2 41. Ne3+ 1-0


[Site "https://www.chess.com"]

[Event "Titled Tuesday Blitz October 11 Late 2022"]
[White "Savic, Miroslav"]
[Black "Maris, Ivo"]
[WhiteFideId "14508494"]
[BlackFideId "1028146"]
[WhiteElo "2209"]
[BlackElo "2542"]
[Result "1/2-1/2"]
[Round "01"]
[TimeControl "180+1"]
[Date "2022.10.12"]
[WhiteClock "0:00:21"]
[BlackClock "0:01:07"]

1. Nf3 g6 2. e4 Bg7 3. h4 d6 4. h5 gxh5 5. Rxh5 Nf6 6. Rh1 c5 7. Nc3 Bg4 8. Be2 Nc6 9. d3 Rb8 10. Bh6 Bxh6 11. Rxh6 b5 12. Qd2 b4 13. Nd5 Nxd5 14. exd5 Bxf3 15. dxc6 Bxc6 16. Bh5 Qd7 17. O-O-O Bd5 18. Qg5 Bxa2 19. Qg7 Rf8 20. Rxh7 Qf5 21. Rh8 Kd7 22. Rxf8 Rxf8 23. Qxf8 Qxh5 24. Qa8 Bd5 25. Qxa7+ Ke6 26. Re1+ Kf5 27. Qxe7 Qh6+ 28. Qe3 Qg7 29. Qg3 Qh6+ 30. Re3 b3 31. c4 Bc6 32. Kd2 Bb7 33. f3 Qh8 34. Qxd6 Qxb2+ 35. Ke1 Bc8 36. Qh6 Qxg2 37. Qh7+ Kf4 38. Qh6+ Kf5 39. Qh7+ Kf6 40. Qh8+ Qg7 41. Qxc8 Qg1+ 42. Kd2 b2 43. Qh8+ Kf5 44. Qxb2 Qg2+ 45. Kc3 Qg1 46. Qc2 Qxe3 47. Qd2 Qxd2+ 48. Kxd2 Kf4 49. Ke2 Kg3 50. Ke3 f5 51. d4 cxd4+ 52. Kxd4 Kxf3 53. c5 Ke2 54. c6 f4 55. c7 f3 56. c8=Q f2 57. Qf5 f1=Q 58. Qd3+ Ke1 59. Qxf1+ Kxf1 1/2-1/2


[Site "https://www.chess.com"]

[Event "Titled Tuesday Blitz October 11 Late 2022"]
[White "Schrik, Rachid"]
[Black "Koziorowicz, Michal"]
[WhiteFideId "1009818"]
[BlackFideId "21809194"]
[WhiteElo "2098"]
[BlackElo "2220"]
[Result "0-1"]
[Round "01"]
[TimeControl "180+1"]
[Date "2022.10.12"]
[WhiteClock "0:00:03"]
[BlackClock "0:00:45"]

1. d4 Nf6 2. c4 e6 3. Nc3 Bb4 4. a3 Bxc3+ 5. bxc3 b6 6. f3 Bb7 7. e4 d6 8. Bd3 Nbd7 9. Ne2 O-O 10. O-O e5 11. Ng3 Re8 12. Ra2 Nf8 13. Raf2 Ne6 14. d5 Nf4 15. Nf5 Bc8 16. Ne3 Nd7 17. Kh1 Nc5 18. Bc2 a5 19. g3 Ng6 20. Nf5 Bxf5 21. exf5 Nf8 22. g4 Qh4 23. Rg2 a4 24. Be3 Nfd7 25. Qd2 e4 26. f4 f6 27. Rfg1 Re7 28. g5 Rae8 29. Rg4 Qh3 30. R4g3 Qxf5 31. gxf6 Nxf6 32. Rg5 Qh3 33. R1g3 Qf1+ 34. Rg1 Qf3+ 35. R1g2 Nd3 36. Bxd3 exd3 37. Bd4 Re1+ 38. Bg1 g6 39. f5 R8e2 40. Rxg6+ hxg6 41. Qg5 Rxg1+ 0-1


[Site "https://www.chess.com"]

[Event "Titled Tuesday Blitz October 11 Late 2022"]
[White "Shandrygin, Nikita"]
[Black "Jobava, Baadur"]
[WhiteFideId "24198668"]
[BlackFideId "13601520"]
[WhiteElo "2323"]
[BlackElo "2582"]
[Result "0-1"]
[Round "01"]
[TimeControl "180+1"]
[Date "2022.10.11"]
[WhiteClock "0:00:07"]
[BlackClock "0:02:18"]

1. e4 e6 2. d4 d5 3. Nd2 Bd7 4. exd5 exd5 5. Ngf3 Nc6 6. h3 Bd6 7. Bd3 Qe7+ 8. Qe2 Qxe2+ 9. Bxe2 O-O-O 10. O-O Nge7 11. c3 f6 12. Re1 g5 13. Nf1 h5 14. Ng3 Nf5 15. Nxf5 Bxf5 16. Be3 Ne7 17. Rad1 Ng6 18. Bd3 Bxd3 19. Rxd3 Kd7 20. Kf1 g4 21. Ng1 f5 22. Bg5 Rdf8 23. h4 f4 24. Ne2 c6 25. Kg1 Rf7 26. Nc1 Nf8 27. b3 Ne6 28. c4 Rf5 29. Ne2 Nxg5 30. hxg5 Rxg5 31. Nc3 h4 0-1


[Site "https://www.chess.com"]

[Event "Titled Tuesday Blitz October 11 Late 2022"]
[White "Shapiro, Daniel"]
[Black "Zeynalli, Rashad"]
[WhiteFideId "2001780"]
[BlackFideId "13403320"]
[WhiteElo "2213"]
[BlackElo "2125"]
[Result "1/2-1/2"]
[Round "01"]
[TimeControl "180+1"]
[Date "2022.10.12"]
[WhiteClock "0:00:56"]
[BlackClock "0:00:24"]

1. d4 Nf6 2. c4 e6 3. g3 d5 4. Nf3 Be7 5. Bg2 O-O 6. O-O dxc4 7. Ne5 Nc6 8. Bxc6 bxc6 9. Nxc6 Qe8 10. Nxe7+ Qxe7 11. Qa4 c5 12. Qxc4 cxd4 13. Qxd4 e5 14. Qh4 h6 15. Nc3 Rb8 16. b3 Bb7 17. Be3 Qe6 18. Rac1 a6 19. Rfd1 Rfd8 20. f3 Rbc8 21. Na4 Rxd1+ 22. Rxd1 Nd5 23. Bf2 Qg6 24. e4 Nf6 25. Nc5 Bc6 1/2-1/2


[Site "https://www.chess.com"]

[Event "Titled Tuesday Blitz October 11 Late 2022"]
[White "Sjugirov, Sanan"]
[Black "Sohal, Tanraj"]
[WhiteFideId "4189302"]
[BlackFideId "2608499"]
[WhiteElo "2609"]
[BlackElo "2200"]
[Result "1-0"]
[Round "01"]
[TimeControl "180+1"]
[Date "2022.10.11"]
[WhiteClock "0:00:04"]
[BlackClock "0:00:02"]

1. e4 c6 2. d4 d5 3. e5 Bf5 4. h4 h6 5. g4 Bh7 6. e6 Nf6 7. exf7+ Kxf7 8. g5 Ne4 9. Nf3 Nd7 10. Nc3 e5 11. Nxe5+ Nxe5 12. dxe5 Bb4 13. Bd2 Qb6 14. Nxe4 Bxe4 15. Rh3 Bxd2+ 16. Qxd2 Qxb2 17. e6+ Kxe6 18. Rc1 hxg5 19. Re3 g4 20. Bg2 Qe5 21. Bxe4 dxe4 22. Qb4 Kf5 23. Qxb7 Rxh4 24. Qxa8 Rh1+ 25. Kd2 Qd4+ 26. Rd3 Qxf2+ 27. Kc3 Qc5+ 28. Kb2 Qb4+ 29. Rb3 Qd4+ 30. c3 Rh2+ 31. Ka1 Qd2 32. Qf8+ Kg5 33. Qe7+ Kh6 34. Qa3 Qe2 35. Rcb1 Qf3 36. Qd6+ 1-0


[Site "https://www.chess.com"]

[Event "Titled Tuesday Blitz October 11 Late 2022"]
[White "Skatchkov, Valery"]
[Black "Bazeev, German"]
[WhiteFideId "24195812"]
[BlackFideId "24119350"]
[WhiteElo "2199"]
[BlackElo "2493"]
[Result "1-0"]
[Round "01"]
[TimeControl "180+1"]
[Date "2022.10.12"]
[WhiteClock "0:01:00"]
[BlackClock "0:00:22"]

1. e4 c6 2. Nc3 d5 3. Nf3 dxe4 4. Nxe4 Nf6 5. Qe2 Nxe4 6. Qxe4 Qd5 7. Qh4 Qe6+ 8. Be2 Qg4 9. Qg3 Qxg3 10. hxg3 Bg4 11. d4 Nd7 12. Bf4 e6 13. O-O-O h5 14. Bd3 g6 15. Rde1 Bxf3 16. gxf3 Bh6 17. Bxh6 Rxh6 18. c3 Ke7 19. Rh4 Rhh8 20. Reh1 Nf6 21. g4 g5 22. R4h2 h4 23. Be4 Nd5 24. Bxd5 cxd5 25. Kd2 Rhf8 26. Re1 Kd6 27. f4 f6 28. fxg5 fxg5 29. Re5 Rg8 30. f4 gxf4 31. Rxh4 Rg6 32. Ke2 b5 33. Kf3 b4 34. g5 bxc3 35. bxc3 Rc8 36. Kxf4 Rxc3 37. Rh6 Rxh6 38. gxh6 Rh3 39. Kg5 Ke7 40. Kg6 Rh4 41. Rh5 Rxh5 42. Kxh5 Kf6 43. h7 Kg7 44. Kg5 Kxh7 45. Kf6 Kg8 46. Kxe6 Kf8 47. Kxd5 Ke8 48. Kc6 Kd8 49. Kd6 a6 50. d5 a5 51. a4 1-0


[Site "https://www.chess.com"]

[Event "Titled Tuesday Blitz October 11 Late 2022"]
[White "Stork, Oliver"]
[Black "Rostovtsev, Dmitry"]
[WhiteFideId "12955728"]
[BlackFideId "34278320"]
[WhiteElo "2239"]
[BlackElo "2251"]
[Result "1-0"]
[Round "01"]
[TimeControl "180+1"]
[Date "2022.10.12"]
[WhiteClock "0:01:17"]
[BlackClock "0:01:32"]

1. e4 e5 2. Nf3 Nc6 3. Bb5 a6 4. Ba4 Nf6 5. O-O Be7 6. Re1 b5 7. Bb3 Bd6 8. c3 O-O 9. d4 Bb7 10. Bg5 h6 11. Bh4 Re8 12. Nbd2 Na5 13. Bc2 Nc6 14. a3 Rc8 15. Nf1 g5 16. Bg3 Nh5 17. Nxe5 Nxg3 18. Nxc6 Bxc6 19. Nxg3 Bf4 20. e5 d6 21. Qd3 dxe5 22. Qh7+ Kf8 23. Qxh6+ Ke7 24. Qxc6 Qd6 25. Nf5+ Ke6 26. Nxd6 cxd6 27. Qe4 Kf6 28. Qf5+ Kg7 29. g3 Bd2 30. dxe5 Bxe1 31. Rxe1 Rc5 32. Qh7+ Kf8 33. Qh8+ Ke7 34. Qf6+ Kf8 35. Qh6+ Ke7 36. Qxd6# 1-0


[Site "https://www.chess.com"]

[Event "Titled Tuesday Blitz October 11 Late 2022"]
[White "Suder, Jakub"]
[Black "P., Komal Kishore"]
[WhiteFideId "1195310"]
[BlackFideId "5016703"]
[WhiteElo "2174"]
[BlackElo "2102"]
[Result "1-0"]
[Round "01"]
[TimeControl "180+1"]
[Date "2022.10.12"]
[WhiteClock "0:00:30"]
[BlackClock "0:00:07"]

1. d4 d5 2. c4 c6 3. cxd5 cxd5 4. Bg5 h6 5. Bh4 Qb6 6. Nc3 g5 7. Bg3 Nf6 8. Qd2 Nc6 9. e3 Bf5 10. h4 Bg7 11. hxg5 hxg5 12. Rxh8+ Bxh8 13. Nf3 g4 14. Ne5 e6 15. Nxc6 bxc6 16. Be5 Ne4 17. Nxe4 Bxe5 18. Nc3 Bd6 19. Na4 Qb4 20. Qxb4 Bxb4+ 21. Kd1 Ke7 22. Rc1 Kd6 23. a3 Ba5 24. Nc5 Rb8 25. b4 Bd8 26. Bd3 Bxd3 27. Nxd3 f5 28. Ke2 Bf6 29. Rc5 Rb5 30. Rc1 a5 31. Rh1 axb4 32. axb4 Rb8 33. Rh7 Bd8 34. Ne5 Bf6 35. Rd7# 1-0


[Site "https://www.chess.com"]

[Event "Titled Tuesday Blitz October 11 Late 2022"]
[White "Suleymanli, Aydin"]
[Black "Kovanova, Baira"]
[WhiteFideId "13413937"]
[BlackFideId "4164083"]
[WhiteElo "2886"]
[BlackElo "2471"]
[Result "1-0"]
[Round "01"]
[TimeControl "180+1"]
[Date "2022.10.12"]
[WhiteClock "0:00:50"]
[BlackClock "0:00:12"]

1. e4 e5 2. Nf3 Nc6 3. Bc4 Bc5 4. O-O Nf6 5. Nc3 d6 6. h3 a6 7. d3 h6 8. a4 Be6 9. Bd2 O-O 10. b3 d5 11. exd5 Nxd5 12. Ne4 Be7 13. Re1 Re8 14. Qc1 Bf8 15. a5 Nf6 16. Ng3 Bd5 17. Nh4 e4 18. Bc3 exd3 19. Bxd3 Nb4 20. Bf5 Ne4 21. Bxe4 Qxh4 22. Bxb4 Bxb4 23. Ra4 c5 24. Bxd5 1-0


[Site "https://www.chess.com"]

[Event "Titled Tuesday Blitz October 11 Late 2022"]
[White "Svicevic, Rastko"]
[Black "Hardaway, Brewington"]
[WhiteFideId "916315"]
[BlackFideId "30941849"]
[WhiteElo "2103"]
[BlackElo "2159"]
[Result "0-1"]
[Round "01"]
[TimeControl "180+1"]
[Date "2022.10.12"]
[WhiteClock "0:00:38"]
[BlackClock "0:00:31"]

1. d4 Nf6 2. Bg5 e6 3. e4 Be7 4. Bd3 d5 5. e5 Nfd7 6. Bxe7 Qxe7 7. Qg4 g6 8. Nd2 c5 9. c3 Nc6 10. Ngf3 cxd4 11. cxd4 Qb4 12. O-O Ndxe5 13. Nxe5 Nxe5 14. Qg3 Qxd4 15. Bb5+ Nc6 16. Nb3 Qb6 17. Bxc6+ bxc6 18. Qd6 c5 19. Qxc5 Qxc5 20. Nxc5 Ke7 21. b4 Rd8 22. a4 Rb8 23. b5 Kd6 24. Rfc1 e5 25. f3 h5 26. h4 Bf5 27. Kf2 Rbc8 28. Nb7+ Kd7 29. Nc5+ Ke7 30. a5 Rb8 31. g4 hxg4 32. fxg4 Bxg4 33. Rcb1 Bf5 34. Rb2 Kd6 35. Rc1 Rdc8 36. Nb7+ Rxb7 0-1


[Site "https://www.chess.com"]

[Event "Titled Tuesday Blitz October 11 Late 2022"]
[White "Szabo, Marcell"]
[Black "Joubert, Dantelle"]
[WhiteFideId "2072033"]
[BlackFideId "14310813"]
[WhiteElo "1795"]
[BlackElo "1507"]
[Result "1-0"]
[Round "01"]
[TimeControl "180+1"]
[Date "2022.10.12"]
[WhiteClock "0:00:26"]
[BlackClock "0:00:16"]

1. e4 e5 2. Nf3 Nc6 3. Bc4 Bc5 4. c3 Nf6 5. O-O O-O 6. d4 exd4 7. cxd4 Bb6 8. e5 Ne8 9. Bg5 Ne7 10. Nc3 h6 11. Bh4 c6 12. Ne4 d6 13. Bb3 d5 14. Ng3 g6 15. Bc2 Ng7 16. Bf6 Qd7 17. Re1 Nef5 18. e6 fxe6 19. Ne5 Qe8 20. Bxg7 Kxg7 21. Bxf5 exf5 22. Qd2 Qd8 23. f4 Ba5 24. b4 Bb6 25. a4 a5 26. Nf3 Qf6 27. Re5 Bc7 28. Rae1 Bd6 29. h4 Bxb4 30. Qe2 Bxe1 31. Qxe1 Bd7 32. h5 g5 33. fxg5 hxg5 34. h6+ Kh7 35. Nh5 Qg6 36. Re7+ Rf7 37. Rxf7+ Qxf7 38. Nxg5+ Kg6 39. Nxf7 Kxf7 40. Qe5 Re8 41. Qf6+ Kg8 42. Qg7# 1-0


[Site "https://www.chess.com"]

[Event "Titled Tuesday Blitz October 11 Late 2022"]
[White "Sztokbant, Bernardo Vainzoff"]
[Black "Hansen, Eric"]
[WhiteFideId "2115956"]
[BlackFideId "2606771"]
[WhiteElo "2471"]
[BlackElo "2877"]
[Result "0-1"]
[Round "01"]
[TimeControl "180+1"]
[Date "2022.10.12"]
[WhiteClock "0:00:13"]
[BlackClock "0:01:58"]

1. e4 c5 2. Nf3 e6 3. g3 Nc6 4. Bg2 e5 5. O-O Nf6 6. Qe2 d6 7. c3 Be7 8. d3 O-O 9. Re1 Re8 10. Nbd2 Bf8 11. Nf1 h6 12. Ne3 Be6 13. Nh4 d5 14. exd5 Nxd5 15. Nhf5 Qd7 16. Nxd5 Bxf5 17. Bxh6 Be6 18. c4 Bxd5 19. Bxd5 Nd4 20. Qh5 gxh6 21. Re4 Qf5 22. Rg4+ Bg7 23. Qxf5 Nxf5 24. Bxb7 Rab8 25. Be4 Nd4 26. b3 f5 27. Bd5+ Kh7 28. Rh4 e4 29. Rd1 Nf3+ 30. Kf1 Nxh4 31. gxh4 e3 32. fxe3 Rxe3 33. Kg2 Bd4 34. Rf1 Kg6 35. h5+ Kg5 36. h4+ Kg4 37. Bf3+ Kxh4 38. Rh1+ Kg5 39. Rd1 Rg8 0-1


[Site "https://www.chess.com"]

[Event "Titled Tuesday Blitz October 11 Late 2022"]
[White "Taboas Rodriguez, Daniel"]
[Black "Fedoseev, Vladimir"]
[WhiteFideId "2208466"]
[BlackFideId "24130737"]
[WhiteElo "2429"]
[BlackElo "2726"]
[Result "0-1"]
[Round "01"]
[TimeControl "180+1"]
[Date "2022.10.11"]
[WhiteClock "0:00:15"]
[BlackClock "0:00:07"]

1. d4 Nf6 2. Nf3 g6 3. c4 Bg7 4. Nc3 d6 5. e4 Bg4 6. Be2 O-O 7. Be3 Nfd7 8. Rc1 c5 9. d5 a6 10. a4 Bxf3 11. Bxf3 b5 12. axb5 axb5 13. cxb5 Nb6 14. Be2 N8d7 15. O-O Qc7 16. Qb3 Ra5 17. Ra1 Rfa8 18. Rxa5 Rxa5 19. Bg5 h6 20. Be3 Kh7 21. h3 Qa7 22. Kh2 Bd4 23. Bd2 Nf6 24. Qc2 Qd7 25. Qd3 e6 26. Bf3 Ra7 27. Be3 Be5+ 28. Kh1 exd5 29. exd5 Qf5 30. Qxf5 gxf5 31. Rd1 f4 32. Bd2 Nc4 33. Bc1 Ra1 34. Kg1 Kg7 35. Kf1 Nd7 36. Ke2 Ndb6 37. Kd3 Ra7 38. b3 Na5 39. Kc2 c4 40. b4 Nb3 41. Bb2 Nd4+ 42. Kb1 Rb7 43. Ne4 Nxb5 44. Nxd6 c3 45. Nxb7 cxb2 46. Rd2 Na3+ 47. Ka2 b1=Q+ 48. Kxa3 Nc4+ 49. Ka4 Nxd2 50. d6 Qc2+ 51. Kb5 Qd3+ 52. Kc6 Nxf3 53. Nc5 Qxd6+ 54. Kb5 Nd4+ 55. Kc4 Qc6 56. b5 Qxb5+ 0-1


[Site "https://www.chess.com"]

[Event "Titled Tuesday Blitz October 11 Late 2022"]
[White "Talibov, Shiroghlan"]
[Black "Ankerst, Mihael"]
[WhiteFideId "13429078"]
[BlackFideId "14602369"]
[WhiteElo "2242"]
[BlackElo "2404"]
[Result "1-0"]
[Round "01"]
[TimeControl "180+1"]
[Date "2022.10.12"]
[WhiteClock "0:00:04"]
[BlackClock "0:00:01"]

1. Nf3 Nf6 2. c4 g6 3. Nc3 Bg7 4. g3 d6 5. Bg2 O-O 6. d4 Nbd7 7. O-O e5 8. Qc2 c6 9. Rd1 Qe7 10. e3 Re8 11. b3 Nf8 12. Ba3 e4 13. Nd2 Bf5 14. Re1 h5 15. Qd1 h4 16. f3 hxg3 17. hxg3 exf3 18. Qxf3 N8h7 19. Qf4 Rad8 20. Rad1 Qd7 21. e4 Bg4 22. Nf3 Nh5 23. Qe3 Nxg3 24. e5 d5 25. cxd5 cxd5 26. Rc1 Bh3 27. Ng5 Bxg2 28. Qxg3 Nxg5 29. Kxg2 Ne6 30. Ne2 Rc8 31. Rh1 Qd8 32. Rxc8 Qxc8 33. Qh4 f6 34. exf6 Qc2 35. Kf2 g5 36. Qh5 Rf8 37. Ke1 Rxf6 38. Qe8+ 1-0


[Site "https://www.chess.com"]

[Event "Titled Tuesday Blitz October 11 Late 2022"]
[White "Tarasova, Viktoriya"]
[Black "Levitskiy, Andrey"]
[WhiteFideId "4175840"]
[BlackFideId "14132885"]
[WhiteElo "2182"]
[BlackElo "2318"]
[Result "0-1"]
[Round "01"]
[TimeControl "180+1"]
[Date "2022.10.12"]
[WhiteClock "0:00:06"]
[BlackClock "0:01:08"]

1. d4 Nf6 2. c4 e6 3. Nc3 Bb4 4. Nf3 O-O 5. Bg5 d6 6. e3 Nbd7 7. Be2 Qe8 8. O-O Bxc3 9. bxc3 Ne4 10. Qc2 Nxg5 11. Nxg5 Nf6 12. Bd3 h6 13. Nf3 b6 14. e4 Bb7 15. e5 Nd7 16. Be4 Qc8 17. Rfe1 dxe5 18. Nxe5 Nxe5 19. dxe5 Rd8 20. Rad1 Bxe4 21. Qxe4 Qa6 22. Qc6 Qxa2 23. Rxd8+ Rxd8 24. Qxc7 Qd2 25. Rf1 Qd7 26. Qxd7 Rxd7 27. Ra1 Rd3 28. h3 Rxc3 29. Rxa7 Rxc4 30. Rb7 Rb4 31. Kf1 Rb2 32. g4 g6 33. Kg2 Kg7 34. Kg3 b5 35. h4 b4 36. f4 h5 37. gxh5 gxh5 38. f5 Kg8 39. fxe6 fxe6 40. Kf4 Rg2 41. Rb6 Rg4+ 42. Kf3 Kf7 43. Rb7+ Kg6 44. Rb5 Rxh4 45. Kg3 Rc4 46. Rb8 Kf5 47. Rh8 h4+ 48. Kf3 Kxe5 49. Rh5+ Kd6 50. Rh8 h3 0-1


[Site "https://www.chess.com"]

[Event "Titled Tuesday Blitz October 11 Late 2022"]
[White "Tari, Aryan"]
[Black "Kanter, Eduard"]
[WhiteFideId "1510045"]
[BlackFideId "4103963"]
[WhiteElo "2612"]
[BlackElo "2267"]
[Result "1-0"]
[Round "01"]
[TimeControl "180+1"]
[Date "2022.10.11"]
[WhiteClock "0:01:23"]
[BlackClock "0:00:04"]

1. Nf3 d5 2. d4 Nf6 3. Bf4 c5 4. e3 Nc6 5. Nbd2 Qb6 6. dxc5 Qxb2 7. Rb1 Qc3 8. Bb5 Bd7 9. O-O Qxc5 10. c4 e6 11. Ne5 Be7 12. Nb3 Qa3 13. Nxd7 Nxd7 14. cxd5 exd5 15. Qxd5 Rc8 16. Qf5 g6 17. Qh3 f5 18. Bc4 Nde5 19. Be6 Rd8 20. Nd4 Nxd4 21. Bxe5 Nxe6 22. Bxh8 Ng5 23. Qg3 Kf7 24. Bd4 Ne6 25. Rxb7 Qxa2 26. Qh4 1-0


[Site "https://www.chess.com"]

[Event "Titled Tuesday Blitz October 11 Late 2022"]
[White "Tayar, Jonathan"]
[Black "Prydun, Andriy"]
[WhiteFideId "2606534"]
[BlackFideId "14145898"]
[WhiteElo "2406"]
[BlackElo "2163"]
[Result "1-0"]
[Round "01"]
[TimeControl "180+1"]
[Date "2022.10.12"]
[WhiteClock "0:00:19"]
[BlackClock "0:00:02"]

1. e4 c6 2. c4 e5 3. Nf3 Nf6 4. Nc3 d5 5. exd5 e4 6. Nd4 Bc5 7. Nb3 Bd6 8. d4 cxd5 9. Bg5 dxc4 10. Bxc4 O-O 11. Qd2 a6 12. O-O Nbd7 13. h3 b5 14. Bd5 b4 15. Nxe4 Nxe4 16. Bxe4 f6 17. Bxa8 fxg5 18. Rae1 g4 19. Bd5+ Kh8 20. Be6 Qh4 21. Bxg4 1-0


[Site "https://www.chess.com"]

[Event "Titled Tuesday Blitz October 11 Late 2022"]
[White "Thiel, Thomas"]
[Black "Taichman, Ori"]
[WhiteFideId "4615964"]
[BlackFideId "2804069"]
[WhiteElo "2310"]
[BlackElo "2234"]
[Result "0-1"]
[Round "01"]
[TimeControl "180+1"]
[Date "2022.10.12"]
[WhiteClock "0:00:05"]
[BlackClock "0:00:11"]

1. e4 c5 2. Nc3 Nc6 3. Bb5 Nd4 4. Bc4 g6 5. Nf3 Bg7 6. Nxd4 cxd4 7. Qf3 Nh6 8. Ne2 O-O 9. d3 Ng4 10. Bb3 Ne5 11. Qg3 d6 12. O-O b5 13. f4 Nc6 14. f5 e6 15. fxe6 fxe6 16. Rxf8+ Qxf8 17. Bd2 a5 18. Rf1 Qe7 19. a4 bxa4 20. Bxa4 Bd7 21. Bg5 Qe8 22. Qxd6 Be5 23. Qc5 Bg7 24. Bf6 Bxf6 25. Rxf6 Kg7 26. Bxc6 Kxf6 27. Bxa8 Qxa8 28. Qxd4+ Ke7 29. Qg7+ Kd6 30. Nc3 Qb7 31. Qf8+ Kc6 32. Qa3 Qb6+ 33. Kf1 Qe3 34. Ne2 e5 35. Qc3+ Kd6 36. h3 a4 37. Qa5 g5 38. Qb4+ Ke6 39. Qe1 g4 40. Qf2 Qd2 41. Qf5+ Kd6 42. Qf6+ Be6 43. Qd8+ Bd7 44. Qf6+ Be6 45. d4 Qd1+ 46. Kf2 g3+ 47. Nxg3 Qxd4+ 48. Kf3 Qd1+ 49. Kf2 Qxc2+ 50. Ne2 Qxb2 51. Qf8+ Kc6 52. Qa8+ Kd6 53. Qa6+ Ke7 54. Qa7+ Bd7 55. Qxa4 Bxa4 0-1


[Site "https://www.chess.com"]

[Event "Titled Tuesday Blitz October 11 Late 2022"]
[White "Thomforde-Toates, Noah"]
[Black "Ward, Ieuan C"]
[WhiteFideId "30951992"]
[BlackFideId "406627"]
[WhiteElo "2675"]
[BlackElo "2340"]
[Result "1-0"]
[Round "01"]
[TimeControl "180+1"]
[Date "2022.10.12"]
[WhiteClock "0:01:25"]
[BlackClock "0:00:09"]

1. c4 e6 2. Nf3 d6 3. e3 Nf6 4. b3 c5 5. Bb2 Nc6 6. Be2 Be7 7. O-O O-O 8. d4 Qc7 9. Nc3 a6 10. d5 exd5 11. Nxd5 Nxd5 12. Qxd5 Be6 13. Qh5 h6 14. Rad1 Rad8 15. Nh4 Ne5 16. Nf5 g6 17. Nxe7+ Qxe7 18. Qxh6 f6 19. f4 Ng4 20. Bxg4 Bxg4 21. Qxg6+ Qg7 22. Qxg7+ Kxg7 23. Rd5 Be6 24. Rd2 d5 25. Rfd1 Bg4 26. Rc1 dxc4 27. Rxd8 Rxd8 28. h3 Rd1+ 29. Rxd1 Bxd1 30. bxc4 Be2 31. g4 Kf7 32. e4 Bxc4 33. e5 fxe5 34. Bxe5 Bxa2 35. Kf2 b5 36. f5 Bb1 37. h4 b4 38. h5 c4 39. h6 Kg8 40. Ke3 c3 41. Kf4 c2 42. Bb2 a5 43. g5 a4 44. g6 c1=Q+ 45. Bxc1 a3 46. h7+ Kg7 47. Be3 Bxf5 48. Kxf5 1-0


[Site "https://www.chess.com"]